Predators vs Avalanche

Created - April 14 2012 at 11:37

Goals
1 2 3 T
Predators 3 0 2 5
Avalanche 3 0 0 3
Shots
1 2 3 T
Predators 14 12 8 34
Avalanche 10 11 18 39

Period #1

1. Predators , Shea Weber 4 (Steven Stamkos) at 2:26 (PP)
2. Avalanche , T.J. Oshie 2 (Steve Downie, Paul Mara) at 4:47
3. Predators , Cody Franson 1 (Francis Bouillon, Paul Gaustad) at 6:00
4. Avalanche , T.J. Oshie 3 (Milan Hejduk, Jason Demers) at 7:38
5. Predators , Marian Gaborik 3 (Steven Stamkos, Mikhail Grabovski) at 9:49
6. Avalanche , John Carlson 1 (Jeff Skinner, Kevin Shattenkirk) at 18:15 (PP)

Penalties :
Kevin Shattenkirk (COL) for High sticking (Minor) at 1:22, Justin Abdelkader (COL) for Hooking (Minor) at 10:09, Paul Mara (COL) for Holding Stick (Minor) at 12:09, Shea Weber (NSH) for Hooking (Minor) at 16:23, T.J. Oshie (COL) for Roughing (Minor) at 18:54

Period #2

No Goal

Penalties :
Michael Del Zotto (COL) for Interference (Minor) at 6:32

Period #3

7. Predators , Steven Stamkos 5 (Brent Burns, Mikhail Grabovski) at 3:36
8. Predators , Steven Stamkos 6 (Nicklas Backstrom, Shea Weber) at 19:46 (Empty Net)

Penalties :
Shea Weber (NSH) for Interference (Minor) at 0:43, Michael Del Zotto (COL) for Tripping (Minor) at 5:57, Chad LaRose (NSH) for Hooking (Minor) at 8:03, Mikhail Grabovski (NSH) for Tripping (Minor) at 11:03

Goalie Stats

Pekka Rinne (NSH), 36 saves from 39 shots - (0.923), W, 3-0-0, 60:00 minutes
Antti Niemi (COL), 29 saves from 33 shots - (0.879), L, 0-3-0, 59:38 minutes

Players Stats

Predators
Player Name              G  A  P  +/- PIM S  H  SB FO    MP 
------------------------------------------------------------
Braydon Coburn           0  0  0   0  0   3  3  3  0/0   15 
Brent Burns              0  1  1   2  0   2  1  0  0/0   22 
Chad LaRose              0  0  0   0  2   0  0  0  0/0   14 
Cody Franson             1  0  1   0  0   2  0  0  0/0   11 
Francis Bouillon         0  1  1   0  0   1  2  1  0/0   11 
Jeff Carter              0  0  0   0  0   3  1  0  0/0   20 
Marian Gaborik           1  0  1   1  0   4  3  0  2/2   19 
Max Pacioretty           0  0  0   0  0   0  3  0  0/0   17 
Mikhail Grabovski        0  2  2   2  2   0  0  0  7/31  20 
Nicklas Backstrom        0  1  1   1  0   4  0  0  16/31 22 
Patric Hornqvist         0  0  0   0  0   1  1  0  0/1   18 
Paul Gaustad             0  1  1   0  0   1  0  0  12/21 15 
Roman Polak              0  0  0   0  0   1  1  0  0/0   6  
Shea Weber               1  1  2   1  4   1  2  0  0/0   19 
Steven Stamkos           2  2  4   2  0   9  1  0  3/10  23 
Tomas Kaberle            0  0  0   0  0   1  0  1  0/0   18 
Wayne Simmonds           0  0  0   0  0   1  0  0  0/0   6  
Zbynek Michalek          0  0  0   1  0   0  1  1  0/0   18 
Avalanche
Player Name              G  A  P  +/- PIM S  H  SB FO    MP 
------------------------------------------------------------
Derek Stepan             0  0  0   0  0   2  2  0  3/7   18 
Jason Demers             0  1  1  -1  0   0  3  0  0/0   22 
Jeff Skinner             0  1  1  -1  0   7  1  0  1/1   19 
John Carlson             1  0  1  -2  0   3  1  3  0/0   24 
Justin Abdelkader        0  0  0  -2  2   1  3  0  7/15  15 
Kevin Shattenkirk        0  1  1  -1  2   1  4  1  0/0   23 
Linus Omark              0  0  0   0  0   0  0  0  0/0   0  
Matt Calvert             0  0  0   0  0   0  0  0  0/0   0  
Michael Del Zotto        0  0  0  -1  4   0  3  2  0/0   14 
Michael Sauer            0  0  0   0  0   0  0  2  0/0   20 
Milan Hejduk             0  1  1  -1  0   8  0  0  3/3   19 
Olli Jokinen             0  0  0   0  0   4  0  0  21/35 22 
Paul Mara                0  1  1   1  2   0  1  1  0/0   15 
R.J. Umberger            0  0  0  -1  0   2  2  0  17/29 22 
Ryan Carter              0  0  0   0  0   0  0  0  0/0   0  
Steve Downie             0  1  1   1  0   1  2  0  2/2   13 
T.J. Oshie               2  0  2   0  2   5  0  1  0/1   21 
Teemu Selanne            0  0  0  -2  0   5  1  0  2/3   22 

3 Stars

1 - Steven Stamkos (NSH)
2 - T.J. Oshie (COL)
3 - Marian Gaborik (NSH)

Power Play

Predators - 1 on 6 Attempt(s) - 16.67%
Avalanche - 1 on 4 Attempt(s) - 25.00%

Penalty Kill

Predators - 3 on 4 Attempt(s) - 75.00% - Score 0 goal in Penalty Kill
Avalanche - 5 on 6 Attempt(s) - 83.33% - Score 0 goal in Penalty Kill

Game Notes

Steven Stamkos has scored in a empty net!

Finance

Level 1 -- Attendance: 6047 (93.03%) -- Ticket Income $544,230.00
Level 2 -- Attendance: 4504 (90.08%) -- Ticket Income $270,240.00
Level 3 -- Attendance: 2585 (73.86%) -- Ticket Income $116,325.00
Level 4 -- Attendance: 1697 (84.55%) -- Ticket Income $59,395.00
Luxury Box -- Attendance: 961 (96.10%) -- Ticket Income $182,590.00
Game was played at the Pepsi Center
Total Attendance: 15794 (87.71%)
Total Ticket Income: $1,205,840.00
Other Income: $361,751.93
Total Income: $1,567,592.00


Play by Play

Period #1

0:01 of 1st period - Olli Jokinen wins face-off versus Nicklas Backstrom in neutral zone.
0:14 of 1st period - Shot by Teemu Selanne.
0:14 of 1st period - Stopped by Pekka Rinne without a rebound.
0:15 of 1st period - R.J. Umberger wins face-off versus Mikhail Grabovski in Predators zone.
0:18 of 1st period - Shot by T.J. Oshie.
0:18 of 1st period - Stopped by Pekka Rinne with a rebound.
0:24 of 1st period - Shot by Milan Hejduk.
0:24 of 1st period - Stopped by Pekka Rinne with a rebound.
0:27 of 1st period - Icing by Zbynek Michalek.
0:28 of 1st period - Steve Downie wins face-off versus Mikhail Grabovski in Predators zone.
0:29 of 1st period - Shot by Olli Jokinen.
0:29 of 1st period - Stopped by Pekka Rinne without a rebound.
0:30 of 1st period - Nicklas Backstrom wins face-off versus Olli Jokinen in Predators zone.
0:36 of 1st period - Icing by Jeff Carter.
0:37 of 1st period - R.J. Umberger wins face-off versus Nicklas Backstrom in Predators zone.
0:37 of 1st period - Jason Demers is hit by Shea Weber and loses puck.
0:45 of 1st period - Off-side.
0:46 of 1st period - Olli Jokinen wins face-off versus Mikhail Grabovski in neutral zone.
0:49 of 1st period - Shot by Jeff Skinner.
0:49 of 1st period - Stopped by Pekka Rinne without a rebound.
0:50 of 1st period - Mikhail Grabovski wins face-off versus Olli Jokinen in Predators zone.
0:50 of 1st period - Mikhail Grabovski is hit by Teemu Selanne.
1:05 of 1st period - Marian Gaborik is hit by Kevin Shattenkirk and loses puck.
1:22 of 1st period - Minor Penalty to Kevin Shattenkirk for High sticking.
1:23 of 1st period - Nicklas Backstrom wins face-off versus Derek Stepan in Avalanche zone.
1:24 of 1st period - Shot by Jeff Carter.
1:24 of 1st period - Shot Hit the Post.
1:34 of 1st period - Shot by Brent Burns.
1:34 of 1st period - Shot Misses the Net.
1:46 of 1st period - Shot by T.J. Oshie.
1:46 of 1st period - Shot Misses the Net.
2:24 of 1st period - Shot by Shea Weber.
2:24 of 1st period - Shot Misses the Net.
2:26 of 1st period - Shot by Shea Weber.
2:26 of 1st period - Goal by Shea Weber - Predators : 1 - Avalanche : 0.
2:27 of 1st period - Olli Jokinen wins face-off versus Paul Gaustad in neutral zone.
2:39 of 1st period - Olli Jokinen is hit by Francis Bouillon.
3:22 of 1st period - Shea Weber is hit by Jeff Skinner.
4:11 of 1st period - Brent Burns is hit by Michael Del Zotto and loses puck.
4:22 of 1st period - Shot by Milan Hejduk.
4:22 of 1st period - Deflect By R.J. Umberger.
4:22 of 1st period - Stopped by Pekka Rinne without a rebound.
4:23 of 1st period - Steven Stamkos wins face-off versus R.J. Umberger in Predators zone.
4:23 of 1st period - Steven Stamkos is hit by R.J. Umberger.
4:33 of 1st period - Shot by Steven Stamkos.
4:33 of 1st period - Shot Misses the Net.
4:37 of 1st period - Shot by Steven Stamkos.
4:37 of 1st period - Stopped by Antti Niemi without a rebound.
4:38 of 1st period - Paul Gaustad wins face-off versus T.J. Oshie in Avalanche zone.
4:47 of 1st period - Shot by T.J. Oshie.
4:47 of 1st period - Goal by T.J. Oshie - Predators : 1 - Avalanche : 1.
4:48 of 1st period - Mikhail Grabovski wins face-off versus R.J. Umberger in neutral zone.
4:51 of 1st period - Milan Hejduk is hit by Marian Gaborik and loses puck.
5:04 of 1st period - Shot by Marian Gaborik.
5:04 of 1st period - Deflect By Steven Stamkos.
5:04 of 1st period - Shot Misses the Net.
5:06 of 1st period - Shot by Mikhail Grabovski.
5:06 of 1st period - Shot Hit the Post.
5:08 of 1st period - Shot by Zbynek Michalek.
5:08 of 1st period - Shot Blocked by T.J. Oshie.
5:12 of 1st period - Shot by Steven Stamkos.
5:12 of 1st period - Deflect By Marian Gaborik.
5:12 of 1st period - Stopped by Antti Niemi with a rebound.
5:16 of 1st period - Shot by Steven Stamkos.
5:16 of 1st period - Stopped by Antti Niemi without a rebound.
5:17 of 1st period - Nicklas Backstrom wins face-off versus Justin Abdelkader in Avalanche zone.
5:38 of 1st period - Shot by Jeff Carter.
5:38 of 1st period - Stopped by Antti Niemi without a rebound.
5:39 of 1st period - Olli Jokinen wins face-off versus Paul Gaustad in Avalanche zone.
5:45 of 1st period - Icing by Cody Franson.
5:46 of 1st period - R.J. Umberger wins face-off versus Paul Gaustad in Predators zone.
5:53 of 1st period - R.J. Umberger is hit by Max Pacioretty and loses puck.
6:00 of 1st period - Shot by Cody Franson.
6:00 of 1st period - Goal by Cody Franson - Predators : 2 - Avalanche : 1.
6:01 of 1st period - Nicklas Backstrom wins face-off versus Olli Jokinen in neutral zone.
6:01 of 1st period - Nicklas Backstrom is hit by Derek Stepan.
6:07 of 1st period - Icing by Derek Stepan.
6:08 of 1st period - Olli Jokinen wins face-off versus Mikhail Grabovski in Avalanche zone.
6:24 of 1st period - Shot by Steven Stamkos.
6:24 of 1st period - Stopped by Antti Niemi without a rebound.
6:25 of 1st period - Justin Abdelkader wins face-off versus Nicklas Backstrom in Avalanche zone.
6:57 of 1st period - Icing by Kevin Shattenkirk.
6:58 of 1st period - Teemu Selanne wins face-off versus Mikhail Grabovski in Avalanche zone.
7:26 of 1st period - Shot by Milan Hejduk.
7:26 of 1st period - Shot Misses the Net.
7:28 of 1st period - Shot by T.J. Oshie.
7:28 of 1st period - Shot Misses the Net.
7:30 of 1st period - Shot by Jason Demers.
7:30 of 1st period - Shot Misses the Net.
7:34 of 1st period - Shot by T.J. Oshie.
7:34 of 1st period - Shot Misses the Net.
7:36 of 1st period - Shot by Milan Hejduk.
7:36 of 1st period - Shot Misses the Net.
7:38 of 1st period - Shot by T.J. Oshie.
7:38 of 1st period - Goal by T.J. Oshie - Predators : 2 - Avalanche : 2.
7:39 of 1st period - Olli Jokinen wins face-off versus Paul Gaustad in neutral zone.
8:32 of 1st period - Cody Franson is hit by Michael Del Zotto.
8:39 of 1st period - Icing by Michael Del Zotto.
8:40 of 1st period - Milan Hejduk wins face-off versus Patric Hornqvist in Avalanche zone.
9:49 of 1st period - Shot by Marian Gaborik.
9:49 of 1st period - Goal by Marian Gaborik - Predators : 3 - Avalanche : 2.
9:50 of 1st period - Olli Jokinen wins face-off versus Steven Stamkos in neutral zone.
10:08 of 1st period - Icing by Max Pacioretty.
10:09 of 1st period - Steven Stamkos wins face-off versus Justin Abdelkader in Predators zone.
10:09 of 1st period - Minor Penalty to Justin Abdelkader for Hooking.
10:10 of 1st period - Teemu Selanne wins face-off versus Mikhail Grabovski in Avalanche zone.
10:27 of 1st period - Shot by Shea Weber.
10:27 of 1st period - Shot Misses the Net.
10:29 of 1st period - Shot by Steven Stamkos.
10:29 of 1st period - Shot Misses the Net.
10:31 of 1st period - Shot by Shea Weber.
10:31 of 1st period - Shot Misses the Net.
10:33 of 1st period - Shot by Shea Weber.
10:33 of 1st period - Shot Misses the Net.
10:35 of 1st period - Shot by Mikhail Grabovski.
10:35 of 1st period - Shot Misses the Net.
10:37 of 1st period - Shot by Steven Stamkos.
10:37 of 1st period - Stopped by Antti Niemi without a rebound.
10:38 of 1st period - Derek Stepan wins face-off versus Nicklas Backstrom in Avalanche zone.
11:49 of 1st period - Shot by Steven Stamkos.
11:49 of 1st period - Stopped by Antti Niemi with a rebound.
11:51 of 1st period - Shot by Braydon Coburn.
11:51 of 1st period - Stopped by Antti Niemi without a rebound.
11:52 of 1st period - Nicklas Backstrom wins face-off versus Derek Stepan in Avalanche zone.
12:07 of 1st period - Kevin Shattenkirk is hit by Patric Hornqvist and loses puck.
12:09 of 1st period - Minor Penalty to Paul Mara for Holding Stick.
12:10 of 1st period - Mikhail Grabovski wins face-off versus Derek Stepan in Avalanche zone.
12:23 of 1st period - Shot by Mikhail Grabovski.
12:23 of 1st period - Deflect By Steven Stamkos.
12:23 of 1st period - Stopped by Antti Niemi without a rebound.
12:24 of 1st period - Justin Abdelkader wins face-off versus Mikhail Grabovski in Avalanche zone.
13:11 of 1st period - Shot by Brent Burns.
13:11 of 1st period - Shot Misses the Net.
13:13 of 1st period - Shot by Jeff Carter.
13:13 of 1st period - Shot Blocked by Michael Sauer.
13:19 of 1st period - Shot by Brent Burns.
13:19 of 1st period - Shot Misses the Net.
13:21 of 1st period - Shot by Brent Burns.
13:21 of 1st period - Shot Misses the Net.
13:23 of 1st period - Shot by Patric Hornqvist.
13:23 of 1st period - Shot Misses the Net.
13:25 of 1st period - Shot by Nicklas Backstrom.
13:25 of 1st period - Stopped by Antti Niemi without a rebound.
13:26 of 1st period - Marian Gaborik wins face-off versus Justin Abdelkader in Avalanche zone.
14:32 of 1st period - Shot by Jeff Skinner.
14:32 of 1st period - Shot Misses the Net.
14:34 of 1st period - Shot by Jeff Skinner.
14:34 of 1st period - Deflect By Teemu Selanne.
14:34 of 1st period - Shot Misses the Net.
15:01 of 1st period - Icing by Jason Demers.
15:02 of 1st period - R.J. Umberger wins face-off versus Steven Stamkos in Avalanche zone.
15:02 of 1st period - R.J. Umberger is hit by Max Pacioretty.
16:05 of 1st period - Jeff Carter is hit by Justin Abdelkader and loses puck.
16:23 of 1st period - Minor Penalty to Shea Weber for Hooking.
16:24 of 1st period - Mikhail Grabovski wins face-off versus R.J. Umberger in Predators zone.
16:32 of 1st period - Off-side.
16:33 of 1st period - R.J. Umberger wins face-off versus Mikhail Grabovski in neutral zone.
16:47 of 1st period - Icing by Michael Sauer.
16:48 of 1st period - R.J. Umberger wins face-off versus Paul Gaustad in Avalanche zone.
17:33 of 1st period - Shot by Olli Jokinen.
17:33 of 1st period - Deflect By Jeff Skinner.
17:33 of 1st period - Stopped by Pekka Rinne without a rebound.
17:34 of 1st period - R.J. Umberger wins face-off versus Paul Gaustad in Predators zone.
17:52 of 1st period - Off-side.
17:53 of 1st period - Paul Gaustad wins face-off versus Olli Jokinen in neutral zone.
18:13 of 1st period - Shot by Jeff Skinner.
18:13 of 1st period - Shot Misses the Net.
18:15 of 1st period - Shot by John Carlson.
18:15 of 1st period - Goal by John Carlson - Predators : 3 - Avalanche : 3.
18:16 of 1st period - Olli Jokinen wins face-off versus Mikhail Grabovski in neutral zone.
18:16 of 1st period - Olli Jokinen is hit by Steven Stamkos.
18:19 of 1st period - Michael Sauer is hit by Marian Gaborik and loses puck.
18:24 of 1st period - Steven Stamkos is hit by Steve Downie and loses puck.
18:54 of 1st period - Minor Penalty to T.J. Oshie for Roughing.
18:55 of 1st period - Nicklas Backstrom wins face-off versus Teemu Selanne in Avalanche zone.
18:55 of 1st period - Nicklas Backstrom is hit by Kevin Shattenkirk.
19:07 of 1st period - Justin Abdelkader is hit by Jeff Carter and loses puck.
19:14 of 1st period - Shot by Jeff Carter.
19:14 of 1st period - Shot Misses the Net.
19:16 of 1st period - Shot by Patric Hornqvist.
19:16 of 1st period - Stopped by Antti Niemi without a rebound.
19:17 of 1st period - Derek Stepan wins face-off versus Mikhail Grabovski in Avalanche zone.

Period #2

0:01 of 2nd period - Justin Abdelkader wins face-off versus Mikhail Grabovski in neutral zone.
0:10 of 2nd period - Braydon Coburn is hit by Derek Stepan and loses puck.
0:38 of 2nd period - Shot by Steven Stamkos.
0:38 of 2nd period - Shot Blocked by Kevin Shattenkirk.
0:42 of 2nd period - Shot by Steven Stamkos.
0:42 of 2nd period - Shot Blocked by John Carlson.
0:44 of 2nd period - Shot by Braydon Coburn.
0:44 of 2nd period - Shot Misses the Net.
0:55 of 2nd period - Icing by Nicklas Backstrom.
0:56 of 2nd period - Paul Gaustad wins face-off versus Olli Jokinen in Predators zone.
1:09 of 2nd period - Shot by Chad LaRose.
1:09 of 2nd period - Shot Misses the Net.
1:13 of 2nd period - Shot by Max Pacioretty.
1:13 of 2nd period - Shot Misses the Net.
1:15 of 2nd period - Shot by Paul Gaustad.
1:15 of 2nd period - Shot Blocked by Paul Mara.
1:30 of 2nd period - Shot by Max Pacioretty.
1:30 of 2nd period - Deflect By Paul Gaustad.
1:30 of 2nd period - Shot Misses the Net.
1:36 of 2nd period - Shot by Chad LaRose.
1:36 of 2nd period - Shot Misses the Net.
1:58 of 2nd period - Shot by Jeff Carter.
1:58 of 2nd period - Shot Misses the Net.
2:00 of 2nd period - Shot by Jeff Carter.
2:00 of 2nd period - Shot Misses the Net.
2:53 of 2nd period - Shot by T.J. Oshie.
2:53 of 2nd period - Deflect By Milan Hejduk.
2:53 of 2nd period - Stopped by Pekka Rinne without a rebound.
2:54 of 2nd period - Jeff Skinner wins face-off versus Steven Stamkos in Predators zone.
3:03 of 2nd period - Shot by Teemu Selanne.
3:03 of 2nd period - Stopped by Pekka Rinne with a rebound.
3:05 of 2nd period - Shot by Kevin Shattenkirk.
3:05 of 2nd period - Stopped by Pekka Rinne with a rebound.
3:09 of 2nd period - Shot by Justin Abdelkader.
3:09 of 2nd period - Shot Misses the Net.
3:11 of 2nd period - Shot by Jeff Skinner.
3:11 of 2nd period - Stopped by Pekka Rinne with a rebound.
3:13 of 2nd period - Shot by John Carlson.
3:13 of 2nd period - Stopped by Pekka Rinne without a rebound.
3:14 of 2nd period - Paul Gaustad wins face-off versus R.J. Umberger in Predators zone.
3:14 of 2nd period - Paul Gaustad is hit by R.J. Umberger.
3:32 of 2nd period - R.J. Umberger is hit by Max Pacioretty and loses puck.
3:44 of 2nd period - Chad LaRose is hit by Michael Del Zotto and loses puck.
5:51 of 2nd period - Icing by Brent Burns.
5:52 of 2nd period - Olli Jokinen wins face-off versus Mikhail Grabovski in Predators zone.
5:59 of 2nd period - Steve Downie is hit by Marian Gaborik and loses puck.
6:24 of 2nd period - Shot by Chad LaRose.
6:24 of 2nd period - Shot Misses the Net.
6:26 of 2nd period - Shot by Paul Gaustad.
6:26 of 2nd period - Shot Misses the Net.
6:30 of 2nd period - Shot by Paul Gaustad.
6:30 of 2nd period - Stopped by Antti Niemi without a rebound.
6:31 of 2nd period - Nicklas Backstrom wins face-off versus R.J. Umberger in Avalanche zone.
6:31 of 2nd period - Nicklas Backstrom is hit by Jason Demers.
6:32 of 2nd period - Minor Penalty to Michael Del Zotto for Interference.
6:33 of 2nd period - Nicklas Backstrom wins face-off versus Derek Stepan in Avalanche zone.
7:02 of 2nd period - Shot by Jeff Carter.
7:02 of 2nd period - Stopped by Antti Niemi without a rebound.
7:03 of 2nd period - Milan Hejduk wins face-off versus Mikhail Grabovski in Avalanche zone.
8:23 of 2nd period - Shot by Jeff Carter.
8:23 of 2nd period - Shot Misses the Net.
8:39 of 2nd period - Shot by Cody Franson.
8:39 of 2nd period - Stopped by Antti Niemi without a rebound.
8:40 of 2nd period - Paul Gaustad wins face-off versus Olli Jokinen in Avalanche zone.
8:40 of 2nd period - Max Pacioretty is hit by Kevin Shattenkirk and loses puck.
8:44 of 2nd period - Max Pacioretty is hit by John Carlson and loses puck.
8:56 of 2nd period - Icing by Cody Franson.
8:57 of 2nd period - R.J. Umberger wins face-off versus Paul Gaustad in Predators zone.
9:04 of 2nd period - Shot by Milan Hejduk.
9:04 of 2nd period - Stopped by Pekka Rinne without a rebound.
9:05 of 2nd period - Olli Jokinen wins face-off versus Nicklas Backstrom in Predators zone.
9:31 of 2nd period - Shot by Nicklas Backstrom.
9:31 of 2nd period - Stopped by Antti Niemi with a rebound.
9:33 of 2nd period - Shot by Nicklas Backstrom.
9:33 of 2nd period - Stopped by Antti Niemi without a rebound.
9:34 of 2nd period - Paul Gaustad wins face-off versus R.J. Umberger in Avalanche zone.
9:52 of 2nd period - Milan Hejduk is hit by Francis Bouillon and loses puck.
11:02 of 2nd period - Shot by Jeff Skinner.
11:02 of 2nd period - Shot Misses the Net.
11:36 of 2nd period - Shot by Derek Stepan.
11:36 of 2nd period - Stopped by Pekka Rinne without a rebound.
11:37 of 2nd period - Nicklas Backstrom wins face-off versus R.J. Umberger in Predators zone.
12:53 of 2nd period - Max Pacioretty is hit by Kevin Shattenkirk.
13:24 of 2nd period - Icing by Braydon Coburn.
13:25 of 2nd period - Olli Jokinen wins face-off versus Steven Stamkos in Predators zone.
13:30 of 2nd period - Shot by Derek Stepan.
13:30 of 2nd period - Shot Misses the Net.
14:17 of 2nd period - Shot by Jeff Carter.
14:17 of 2nd period - Stopped by Antti Niemi without a rebound.
14:18 of 2nd period - Justin Abdelkader wins face-off versus Mikhail Grabovski in Avalanche zone.
14:29 of 2nd period - Mikhail Grabovski is hit by Justin Abdelkader and loses puck.
15:41 of 2nd period - Shot by Milan Hejduk.
15:41 of 2nd period - Stopped by Pekka Rinne without a rebound.
15:42 of 2nd period - Paul Gaustad wins face-off versus Olli Jokinen in Predators zone.
15:47 of 2nd period - Shot by Max Pacioretty.
15:47 of 2nd period - Shot Misses the Net.
15:51 of 2nd period - Shot by Francis Bouillon.
15:51 of 2nd period - Stopped by Antti Niemi without a rebound.
15:52 of 2nd period - Paul Gaustad wins face-off versus R.J. Umberger in Avalanche zone.
16:24 of 2nd period - Shot by Chad LaRose.
16:24 of 2nd period - Deflect By Nicklas Backstrom.
16:24 of 2nd period - Stopped by Antti Niemi without a rebound.
16:25 of 2nd period - Steven Stamkos wins face-off versus Olli Jokinen in Avalanche zone.
16:26 of 2nd period - Shot by Max Pacioretty.
16:26 of 2nd period - Shot Blocked by Michael Sauer.
16:28 of 2nd period - Shot by Wayne Simmonds.
16:28 of 2nd period - Stopped by Antti Niemi with a rebound.
16:30 of 2nd period - Shot by Braydon Coburn.
16:30 of 2nd period - Stopped by Antti Niemi with a rebound.
16:32 of 2nd period - Shot by Roman Polak.
16:32 of 2nd period - Stopped by Antti Niemi without a rebound.
16:33 of 2nd period - Olli Jokinen wins face-off versus Steven Stamkos in Avalanche zone.
16:40 of 2nd period - Steven Stamkos is hit by Steve Downie and loses puck.
16:46 of 2nd period - Derek Stepan is hit by Braydon Coburn and loses puck.
17:06 of 2nd period - Shot by Steve Downie.
17:06 of 2nd period - Shot Blocked by Braydon Coburn.
17:27 of 2nd period - Icing by Braydon Coburn.
17:28 of 2nd period - R.J. Umberger wins face-off versus Steven Stamkos in Predators zone.
17:28 of 2nd period - R.J. Umberger is hit by Roman Polak.
17:47 of 2nd period - Off-side.
17:48 of 2nd period - Nicklas Backstrom wins face-off versus Justin Abdelkader in neutral zone.
18:19 of 2nd period - Shot by Jeff Skinner.
18:19 of 2nd period - Shot Blocked by Tomas Kaberle.
18:34 of 2nd period - Icing by Patric Hornqvist.
18:35 of 2nd period - R.J. Umberger wins face-off versus Nicklas Backstrom in Predators zone.
18:57 of 2nd period - Shot by T.J. Oshie.
18:57 of 2nd period - Stopped by Pekka Rinne without a rebound.
18:58 of 2nd period - Derek Stepan wins face-off versus Mikhail Grabovski in Predators zone.
19:04 of 2nd period - Off-side.
19:05 of 2nd period - Steve Downie wins face-off versus Mikhail Grabovski in neutral zone.
19:16 of 2nd period - Shot by Steven Stamkos.
19:16 of 2nd period - Shot Misses the Net.
19:18 of 2nd period - Shot by Mikhail Grabovski.
19:18 of 2nd period - Shot Misses the Net.
19:26 of 2nd period - Shot by Marian Gaborik.
19:26 of 2nd period - Stopped by Antti Niemi without a rebound.
19:27 of 2nd period - Paul Gaustad wins face-off versus R.J. Umberger in Avalanche zone.
19:27 of 2nd period - Chad LaRose is hit by Jason Demers and loses puck.
19:42 of 2nd period - Shot by T.J. Oshie.
19:42 of 2nd period - Stopped by Pekka Rinne without a rebound.
19:43 of 2nd period - Mikhail Grabovski wins face-off versus Justin Abdelkader in Predators zone.
19:48 of 2nd period - Shot by Teemu Selanne.
19:48 of 2nd period - Stopped by Pekka Rinne without a rebound.
19:49 of 2nd period - Marian Gaborik wins face-off versus Olli Jokinen in Predators zone.
19:54 of 2nd period - Shot by Marian Gaborik.
19:54 of 2nd period - Shot Misses the Net.

Period #3

0:01 of 3rd period - Nicklas Backstrom wins face-off versus Olli Jokinen in neutral zone.
0:43 of 3rd period - Minor Penalty to Shea Weber for Interference.
0:44 of 3rd period - R.J. Umberger wins face-off versus Nicklas Backstrom in Predators zone.
1:05 of 3rd period - Shot by Milan Hejduk.
1:05 of 3rd period - Stopped by Pekka Rinne without a rebound.
1:06 of 3rd period - Paul Gaustad wins face-off versus R.J. Umberger in Predators zone.
2:00 of 3rd period - Icing by John Carlson.
2:01 of 3rd period - Paul Gaustad wins face-off versus Olli Jokinen in Avalanche zone.
2:16 of 3rd period - Shot by Jeff Skinner.
2:16 of 3rd period - Stopped by Pekka Rinne without a rebound.
2:17 of 3rd period - Nicklas Backstrom wins face-off versus Olli Jokinen in Predators zone.
2:26 of 3rd period - Shot by Kevin Shattenkirk.
2:26 of 3rd period - Shot Blocked by Braydon Coburn.
2:28 of 3rd period - Shot by Olli Jokinen.
2:28 of 3rd period - Shot Misses the Net.
2:32 of 3rd period - Shot by John Carlson.
2:32 of 3rd period - Shot Misses the Net.
2:34 of 3rd period - Shot by Teemu Selanne.
2:34 of 3rd period - Stopped by Pekka Rinne without a rebound.
2:35 of 3rd period - Milan Hejduk wins face-off versus Nicklas Backstrom in Predators zone.
2:52 of 3rd period - Shot by Steven Stamkos.
2:52 of 3rd period - Stopped by Antti Niemi without a rebound.
2:53 of 3rd period - Olli Jokinen wins face-off versus Mikhail Grabovski in Avalanche zone.
3:04 of 3rd period - Shot by Derek Stepan.
3:04 of 3rd period - Deflect By Olli Jokinen.
3:04 of 3rd period - Stopped by Pekka Rinne without a rebound.
3:05 of 3rd period - Paul Gaustad wins face-off versus Justin Abdelkader in Predators zone.
3:05 of 3rd period - Paul Gaustad is hit by Justin Abdelkader.
3:28 of 3rd period - Shot by Jeff Skinner.
3:28 of 3rd period - Stopped by Pekka Rinne without a rebound.
3:29 of 3rd period - Mikhail Grabovski wins face-off versus R.J. Umberger in Predators zone.
3:36 of 3rd period - Shot by Steven Stamkos.
3:36 of 3rd period - Goal by Steven Stamkos - Predators : 4 - Avalanche : 3.
3:37 of 3rd period - R.J. Umberger wins face-off versus Nicklas Backstrom in neutral zone.
3:43 of 3rd period - Milan Hejduk is hit by Shea Weber and loses puck.
4:02 of 3rd period - Shot by R.J. Umberger.
4:02 of 3rd period - Stopped by Pekka Rinne without a rebound.
4:03 of 3rd period - Olli Jokinen wins face-off versus Steven Stamkos in Predators zone.
4:29 of 3rd period - Shot by Steve Downie.
4:29 of 3rd period - Stopped by Pekka Rinne with a rebound.
4:35 of 3rd period - Shot by Derek Stepan.
4:35 of 3rd period - Shot Misses the Net.
4:39 of 3rd period - Shot by Derek Stepan.
4:39 of 3rd period - Shot Misses the Net.
4:43 of 3rd period - Shot by Olli Jokinen.
4:43 of 3rd period - Stopped by Pekka Rinne with a rebound.
5:11 of 3rd period - Icing by Mikhail Grabovski.
5:12 of 3rd period - R.J. Umberger wins face-off versus Mikhail Grabovski in Predators zone.
5:45 of 3rd period - Jeff Carter is hit by Jason Demers and loses puck.
5:57 of 3rd period - Minor Penalty to Michael Del Zotto for Tripping.
5:58 of 3rd period - Justin Abdelkader wins face-off versus Nicklas Backstrom in Avalanche zone.
6:09 of 3rd period - Shot by Tomas Kaberle.
6:09 of 3rd period - Stopped by Antti Niemi with a rebound.
6:13 of 3rd period - Shot by Jeff Carter.
6:13 of 3rd period - Shot Misses the Net.
7:27 of 3rd period - Shot by Brent Burns.
7:27 of 3rd period - Stopped by Antti Niemi without a rebound.
7:28 of 3rd period - Justin Abdelkader wins face-off versus Paul Gaustad in Avalanche zone.
7:56 of 3rd period - Shot by Jeff Carter.
7:56 of 3rd period - Shot Misses the Net.
8:03 of 3rd period - Minor Penalty to Chad LaRose for Hooking.
8:04 of 3rd period - Nicklas Backstrom wins face-off versus Olli Jokinen in Predators zone.
9:30 of 3rd period - Shot by Jeff Skinner.
9:30 of 3rd period - Stopped by Pekka Rinne with a rebound.
9:34 of 3rd period - Shot by Jeff Skinner.
9:34 of 3rd period - Deflect By Teemu Selanne.
9:34 of 3rd period - Shot Misses the Net.
9:36 of 3rd period - Shot by Derek Stepan.
9:36 of 3rd period - Stopped by Pekka Rinne without a rebound.
9:37 of 3rd period - Olli Jokinen wins face-off versus Nicklas Backstrom in Predators zone.
9:44 of 3rd period - Shot by Jeff Skinner.
9:44 of 3rd period - Shot Misses the Net.
9:46 of 3rd period - Shot by John Carlson.
9:46 of 3rd period - Stopped by Pekka Rinne without a rebound.
9:47 of 3rd period - Nicklas Backstrom wins face-off versus R.J. Umberger in Predators zone.
10:08 of 3rd period - Shot by Olli Jokinen.
10:08 of 3rd period - Shot Misses the Net.
10:10 of 3rd period - Shot by Jeff Skinner.
10:10 of 3rd period - Shot Blocked by Francis Bouillon.
10:48 of 3rd period - Shot by Milan Hejduk.
10:48 of 3rd period - Shot Misses the Net.
11:03 of 3rd period - Minor Penalty to Mikhail Grabovski for Tripping.
11:04 of 3rd period - Nicklas Backstrom wins face-off versus Justin Abdelkader in Predators zone.
11:12 of 3rd period - Kevin Shattenkirk is hit by Braydon Coburn and loses puck.
11:37 of 3rd period - Shot by Teemu Selanne.
11:37 of 3rd period - Shot Blocked by Zbynek Michalek.
11:56 of 3rd period - Jason Demers is hit by Braydon Coburn and loses puck.
13:05 of 3rd period - Shot by Milan Hejduk.
13:05 of 3rd period - Shot Blocked by Braydon Coburn.
13:29 of 3rd period - Shot by Steven Stamkos.
13:29 of 3rd period - Shot Misses the Net.
13:31 of 3rd period - Shot by Braydon Coburn.
13:31 of 3rd period - Stopped by Antti Niemi without a rebound.
13:32 of 3rd period - R.J. Umberger wins face-off versus Mikhail Grabovski in Avalanche zone.
13:39 of 3rd period - Shot by Milan Hejduk.
13:39 of 3rd period - Stopped by Pekka Rinne without a rebound.
13:40 of 3rd period - Nicklas Backstrom wins face-off versus Olli Jokinen in Predators zone.
14:08 of 3rd period - Shot by Jeff Skinner.
14:08 of 3rd period - Stopped by Pekka Rinne with a rebound.
14:32 of 3rd period - Shot by Milan Hejduk.
14:32 of 3rd period - Stopped by Pekka Rinne without a rebound.
14:33 of 3rd period - Olli Jokinen wins face-off versus Mikhail Grabovski in Predators zone.
14:33 of 3rd period - Olli Jokinen is hit by Zbynek Michalek.
14:38 of 3rd period - Steve Downie is hit by Brent Burns and loses puck.
14:46 of 3rd period - Brent Burns is hit by Paul Mara and loses puck.
15:08 of 3rd period - Off-side.
15:09 of 3rd period - R.J. Umberger wins face-off versus Paul Gaustad in neutral zone.
16:08 of 3rd period - Shot by Teemu Selanne.
16:08 of 3rd period - Stopped by Pekka Rinne without a rebound.
16:09 of 3rd period - R.J. Umberger wins face-off versus Mikhail Grabovski in Predators zone.
16:28 of 3rd period - Shot by Milan Hejduk.
16:28 of 3rd period - Stopped by Pekka Rinne without a rebound.
16:29 of 3rd period - Olli Jokinen wins face-off versus Nicklas Backstrom in Predators zone.
16:32 of 3rd period - Shot by Olli Jokinen.
16:32 of 3rd period - Stopped by Pekka Rinne without a rebound.
16:33 of 3rd period - Olli Jokinen wins face-off versus Nicklas Backstrom in Predators zone.
17:02 of 3rd period - Icing by Tomas Kaberle.
17:03 of 3rd period - R.J. Umberger wins face-off versus Nicklas Backstrom in Predators zone.
17:30 of 3rd period - Shot by Marian Gaborik.
17:30 of 3rd period - Stopped by Antti Niemi without a rebound.
17:31 of 3rd period - Olli Jokinen wins face-off versus Mikhail Grabovski in Avalanche zone.
17:37 of 3rd period - Icing by Brent Burns.
17:38 of 3rd period - Olli Jokinen wins face-off versus Mikhail Grabovski in Predators zone.
18:03 of 3rd period - Shot by Mikhail Grabovski.
18:03 of 3rd period - Shot Misses the Net.
19:14 of 3rd period - Shot by Steven Stamkos.
19:14 of 3rd period - Shot Blocked by Michael Del Zotto.
19:16 of 3rd period - Shot by Marian Gaborik.
19:16 of 3rd period - Shot Blocked by Michael Del Zotto.
19:18 of 3rd period - Shot by Brent Burns.
19:18 of 3rd period - Stopped by Antti Niemi without a rebound.
19:19 of 3rd period - Justin Abdelkader wins face-off versus Mikhail Grabovski in Avalanche zone.
19:24 of 3rd period - Avalanche, Antti Niemi is pulled from the net.
19:32 of 3rd period - Shot by Justin Abdelkader.
19:32 of 3rd period - Stopped by Pekka Rinne without a rebound.
19:33 of 3rd period - Mikhail Grabovski wins face-off versus Justin Abdelkader in Predators zone.
19:40 of 3rd period - Shot by Steven Stamkos.
19:40 of 3rd period - Shot Blocked by John Carlson.
19:44 of 3rd period - Shot by Nicklas Backstrom.
19:44 of 3rd period - Shot Blocked by John Carlson.
19:46 of 3rd period - Shot by Steven Stamkos.
19:46 of 3rd period - Goal by Steven Stamkos - Predators : 5 - Avalanche : 3.
19:46 of 3rd period - Antti Niemi from Avalanche was sent back in the game.
19:47 of 3rd period - Olli Jokinen wins face-off versus Nicklas Backstrom in neutral zone.
19:59 of 3rd period - Icing by Jeff Carter.


Output by the SimonT Hockey Simulator (STHS) for Stephane Roy -- Original Page W3C XHTML 1.0 Valid